 Dungeon Crawl Stone Soup version 0.19.0-11-g3fc08b3 (webtiles) character file.

57822 PerKiller the Fighter (level 14, 0/127 HPs)
             Began as a Black Draconian Fire Elementalist on Nov 7, 2016.
             Was a High Priest of Vehumet.
             Shot with an arrow by Nessos (6 damage)
             ... on level 2 of the Orcish Mines on Nov 8, 2016.
             The game lasted 04:23:40 (22827 turns).

PerKiller the Fighter (DrFE)                       Turns: 22827, Time: 04:23:41

Health: 0/127      AC:  9    Str: 11    XL:     14   Next: 47%
Magic:  21/37      EV: 16    Int: 24    God:    Vehumet [*****.]
Gold:   1793       SH:  0    Dex: 13    Spells: 6 memorised, 14 levels left

rFire  . . .     SeeInvis .     a - +4 spear (venom)
rCold  . . .     Gourm    .     (armour unavailable)
rNeg   . . .     Faith    .     (no shield)
rPois  .         Spirit   .     (helmet restricted)
rElec  +         Reflect  .     H - +0 cloak
rCorr  .         Harm     .     (no gloves)
MR     +....                    (no boots)
Stlth  ++........               h - amulet of regeneration
                                P - +5 ring of intelligence
                                J - ring of magical power

@: lethally poisoned (0 -> -25), very slightly contaminated, hasted, drained,
very quick
A: breathe lightning, unfitting armour, big wings, electricity resistance,
cold-blooded, AC +8
a: Breathe Lightning, Fly, Renounce Religion


You were on level 2 of the Orcish Mines.
You worshipped Vehumet.
Vehumet was extremely pleased with you.
You were not hungry.

You visited 5 branches of the dungeon, and saw 19 of its levels.
You also visited: Sewer and Ice Cave.

You collected 1793 gold pieces.

Inventory:

Hand Weapons
 a - a +4 spear of venom (weapon)
 b - the +0 spear "Porhe" {elec, rN+ Dex+4}
   (You found it on level 4 of the Lair of Beasts)

   Occasionally, upon striking a foe, it will discharge some electrical energy
   and cause terrible harm.
   It affects your dexterity (+4).
   It protects you from negative energy.
 k - a +3 bardiche of protection
Armour
 H - a +0 cloak (worn)
Jewellery
 h - an amulet of regeneration (around neck)
 i - an uncursed ring of protection from magic
 r - an uncursed ring of positive energy
 B - an uncursed ring of protection from magic
 G - an uncursed ring of ice
 J - a ring of magical power (left hand)
 P - a +5 ring of intelligence (right hand)
 T - an uncursed amulet of harm
 Z - an uncursed ring of protection from cold
Wands
 x - a wand of confusion (37/48)
 z - a wand of digging (7/24)
 M - a wand of enslavement (6/24)
 N - a wand of heal wounds (4/9) {@q2}
 W - a wand of acid (6/15)
 X - a wand of polymorph (14/24)
 Y - a wand of confusion (30/48)
Scrolls
 c - 3 scrolls of teleportation {@r3}
 j - a scroll of enchant weapon {unknown}
 n - 2 scrolls of recharging
 p - 3 scrolls of identify {@r1}
 q - 3 scrolls of remove curse {@r2}
 D - 4 scrolls of fog
 I - 2 scrolls of silence
 Q - 2 scrolls of enchant armour {unknown}
 V - 2 scrolls of fear {unknown}
Potions
 e - a potion of invisibility
 f - 2 potions of lignification {unknown}
 g - a potion of agility {unknown}
 m - a potion of resistance {unknown}
 o - 2 potions of brilliance {unknown}
 s - 4 potions of mutation
 u - 5 potions of curing {@q1}
 C - 3 potions of flight
 K - a potion of ambrosia {unknown}
 L - 2 potions of cure mutation {unknown}
 R - 2 potions of haste
Books
 d - Lehudib's Compendium of Earthen Confrontation
   (You found it on level 9 of the Dungeon)

   Spells                             Type                      Level
   a - Shock                          Conjuration/Air              1
   b - Flame Tongue                   Conjuration/Fire             1
   c - Dazzling Spray                 Conjuration/Hexes            3
   d - Force Lance                    Conjuration/Translocation    4
   e - Lightning Bolt                 Conjuration/Air              5
   f - Iron Shot                      Conjuration/Earth            6
 w - a book of Flames

   Spells                             Type                      Level
   a - Flame Tongue                   Conjuration/Fire             1
   b - Throw Flame                    Conjuration/Fire             2
   c - Conjure Flame                  Conjuration/Fire             3
   d - Inner Flame                    Hexes/Fire                   3
   e - Sticky Flame                   Conjuration/Fire             4
   f - Fireball                       Conjuration/Fire             5
 y - a book of Necromancy

   Spells                             Type                      Level
   a - Pain                           Necromancy                   1
   b - Animate Skeleton               Necromancy                   1
   c - Vampiric Draining              Necromancy                   3
   d - Regeneration                   Charms/Necromancy            3
   e - Animate Dead                   Necromancy                   4
   f - Control Undead                 Necromancy                   4
 E - a book of Cantrips

   Spells                             Type                      Level
   a - Confusing Touch                Hexes                        1
   b - Animate Skeleton               Necromancy                   1
   c - Summon Small Mammal            Summoning                    1
   d - Apportation                    Translocation                1
Miscellaneous
 F - a phantom mirror
 S - a disc of storms
Comestibles
 l - a bread ration
 t - 33 fruits
 v - 6 meat rations


   Skills:
 + Level 12.3(11.8) Fighting
 + Level 10.4(9.9) Polearms
 + Level 7.2(6.7) Dodging
 - Level 4.3(3.9) Stealth
 + Level 10.7(10.2) Spellcasting
 + Level 8.8(8.4) Conjurations
 - Level 10.2(9.7) Fire Magic
 + Level 8.2(7.7) Evocations


You had 14 spell levels left.
You knew the following spells:

 Your Spells              Type           Power        Failure   Level  Hunger
a - Flame Tongue          Conj/Fire      #####        1%          1    None
b - Inner Flame           Hex/Fire       #####...     1%          3    None
c - Conjure Flame         Conj/Fire      ######..     1%          3    None
d - Fireball              Conj/Fire      ######....   1%          5    ####...
e - Sticky Flame          Conj/Fire      ######..     1%          4    #......
f - Force Lance           Conj/Tloc      ####....     3%          4    #......


Dungeon Overview and Level Annotations

Branches:
Dungeon (9/15)             Temple (1/1) D:6            Lair (6/6) D:8
  Swamp (0/4) Lair:3        Snake (1/4) Lair:3        Slime (0/5) Lair:6
    Orc (2/2) D:9             Elf (0/3) Orc:2

Altars:
Ashenzari
Cheibriados
Dithmenos
Elyvilon
Fedhas
Gozag
Hepliaklqana
Kikubaaqudgha
Makhleb
Nemelex Xobeh
Okawaru
Qazlal
Ru
Sif Muna
Trog
Uskayaw
Vehumet
Xom
Yredelemnul
Zin
The Shining One
Jiyva

Shops:
D:8 (   D:9 [

Annotations:
Orc:2 Nessos


Innate Abilities, Weirdness & Mutations

You can breathe wild blasts of lightning.
Your glossy black scales are hard. (AC +8)
You cannot fit into any form of body armour.
Your large and strong wings let you fly indefinitely.
You are resistant to electric shocks. (rElec)
You are cold-blooded and may be slowed by cold attacks.


Message History

The fireball engulfs the orc warrior.
The orc warrior resists.
The orc warrior is heavily wounded.
Nessos blinks!
Nessos wields a runed longbow.
It bursts into flame!
Nessos shoots an arrow.
The arrow misses you.
You see here an arrow.
Nessos shoots an arrow.
The arrow barely misses you.
Nessos shoots an arrow.
The arrow hits you!
* * * LOW HITPOINT WARNING * * *
The arrow burns you.
You are poisoned.
* * * LOW HITPOINT WARNING * * *
You see here an arrow.
You feel sick.
You feel sick.
You feel sick.
Nessos shoots an arrow.
The arrow hits you!!
* * * LOW HITPOINT WARNING * * *
The arrow burns you.
You are more poisoned.
You die...

....<...........#....####
................#...###.##
....................#....## ###
(.........................###.##
...............................#
...<...(.......#.......##.....##
.......)))..............#.#..##
......()...............#......#
................@......##.#..##
.)..................>...##...#
.....................#.####..##
....)#..........(.###...# #...#
#..................###.## ##.##
.................O..#...# ###
#.........#.....(..###.##
#..........c........#### #####
..............#.#oo##..## #....


You could see Nessos and an ogre.

Vanquished Creatures
  Josephine (Lair:6)
  10 hydras
  2 centaur warriors (D:9)
  A shock serpent (Snake:1)
  A deep elf knight (D:9)
  5 skeletal warriors (D:9)
  A flayed ghost (D:8)
  A deep troll (D:9)
  The ghost of puimuR the Cleaver, a novice HOWz of Makhleb (D:7)
  A hill giant (D:9)
  A necromancer (Lair:3)
  2 orc sorcerers (Orc:1)
  3 ugly things
  2 cyclopes
  9 elephants (Lair:6)
  2 torpor snails (Lair:6)
  10 spiny frogs
  5 black mambas
  2 ice statues (IceCv)
  6 komodo dragons
  4 rime drakes
  3 polar bears
  4 trolls
  A two-headed ogre (D:9)
  16 blink frogs
  11 dream sheep
  8 hippogriffs
  3 wraiths (Lair:6)
  52 yaks
  5 wyverns
  3 basilisks
  3 steam dragons
  Menkaure (D:5)
  2 nagas (Lair:3)
  5 hell hounds (Lair:6)
  6 porcupines
  Duvessa (D:5)
  7 water moccasins
  Purgy (Sewer)
  A swamp drake (Lair:3)
  12 orc warriors
  A sky beast (D:7)
  7 ice beasts
  2 black bears (Lair:3)
  A necrophage (D:7)
  2 phantoms
  8 ogres
  12 crocodiles
  A centaur (D:8)
  8 big kobolds
  12 bullfrogs
  A gnoll sergeant (D:4)
  Dowan (D:5)
  2 scorpions
  A water moccasin skeleton (D:9)
  9 killer bees
  3 electric eels
  5 howler monkeys
  3 crimson imps
  3 jellies
  A quasit (D:5)
  A centaur skeleton (D:6)
  6 hounds
  17 orc wizards
  13 orc priests
  3 bullfrog skeletons
  3 iguanas
  5 hell rats (Lair:5)
  13 worker ants
  2 crocodile zombies (Lair:3)
  A hound zombie (D:9)
  A howler monkey zombie (D:7)
  3 worker ant zombies
  Robin (D:4)
  13 gnolls
  A howler monkey skeleton (D:7)
  12 adders
  A shadow imp (D:5)
  3 oozes
  2 adder skeletons
  An adder zombie (D:9)
  2 worms
  4 dart slugs
  3 leopard geckos
  59 orcs
  A ball python (D:4)
  9 bats
  8 giant cockroaches
  15 goblins
  8 hobgoblins
  6 quokkas
  8 frilled lizards
  26 kobolds
  A quokka skeleton (D:7)
  6 rats
  2 plants (D:8)
558 creatures vanquished.

Vanquished Creatures (others)
  An orc wizard (Orc:2)
  25 fungi
  13 plants
39 creatures vanquished.

Grand Total: 597 creatures vanquished

Notes
Turn   | Place    | Note
-------+----------+-------------------------------------------
     0 | D:1      | PerKiller the Draconian Fire Elementalist began the quest for the Orb.
     0 | D:1      | Reached XP level 1. HP: 14/14 MP: 3/3
   108 | D:1      | Reached XP level 2. HP: 19/20 MP: 0/5
   653 | D:1      | Reached XP level 3. HP: 27/27 MP: 4/6
  1346 | D:2      | Reached skill level 1 in Fighting
  1447 | D:2      | Found a white marble altar of Elyvilon.
  1462 | D:2      | Learned a level 3 spell: Inner Flame
  1685 | D:2      | Found a blossoming altar of Fedhas.
  1865 | D:3      | Reached XP level 4. HP: 35/35 MP: 7/7
  2214 | D:3      | Reached skill level 2 in Fighting
  2274 | D:3      | Reached XP level 5. HP: 36/41 MP: 8/8
  2558 | D:4      | Found a glowing drain.
  2625 | Sewer    | Entered a sewer
  2630 | Sewer    | Learned a level 3 spell: Conjure Flame
  2741 | Sewer    | Noticed Purgy
  2775 | Sewer    | Killed Purgy
  2775 | Sewer    | Reached XP level 6. HP: 29/50 MP: 0/10
  3102 | D:4      | Reached skill level 3 in Fighting
  3271 | D:4      | Noticed Robin
  3344 | D:3      | Reached skill level 5 in Fire Magic
  3471 | D:4      | Your scales start taking on a glossy black colour.
  3471 | D:4      | Reached XP level 7. HP: 57/57 MP: 11/11
  3471 | D:4      | Gained mutation: You are resistant to electric shocks. (rElec) [Black Draconian growth]
  3473 | D:4      | Killed Robin
  3691 | D:4      | Found a sparkling altar of Nemelex Xobeh.
  4136 | D:5      | Entered Level 5 of the Dungeon
  4289 | D:5      | Found a burning altar of Makhleb.
  4299 | D:5      | Found a sacrificial altar of Ru.
  4302 | D:5      | Found a shimmering altar of Xom.
  4452 | D:5      | Reached skill level 4 in Fighting
  4489 | D:5      | Reached XP level 8. HP: 64/66 MP: 13/13
  4553 | D:5      | Noticed Menkaure
  4566 | D:5      | Killed Menkaure
  4693 | D:5      | Noticed Dowan
  4699 | D:5      | Noticed Duvessa
  4723 | D:5      | Killed Duvessa
  4735 | D:5      | Killed Dowan
  5394 | D:6      | Found a staircase to the Ecumenical Temple.
  5404 | Temple   | Entered the Ecumenical Temple
  5434 | Temple   | Became a worshipper of Vehumet
  5513 | D:6      | Reached skill level 5 in Fighting
  5583 | D:6      | Found a glowing golden altar of the Shining One.
  5591 | D:6      | Noticed an angel
  5604 | D:6      | Found a basalt altar of Yredelemnul.
  5606 | D:6      | Noticed a profane servitor
  6241 | D:7      | Reached XP level 9. HP: 67/74 MP: 15/15
  6248 | D:7      | Learned a level 5 spell: Fireball
  6303 | D:7      | Noticed puimuR's ghost (novice HOWz)
  6324 | D:7      | Reached * piety under Vehumet
  6324 | D:7      | Offered knowledge of Freeze by Vehumet.
  6324 | D:7      | Reached skill level 1 in Polearms
  6339 | D:7      | Killed puimuR's ghost
  6339 | D:7      | Reached skill level 6 in Fighting
  6339 | D:7      | Reached skill level 5 in Spellcasting
  6865 | D:8      | Learned a level 4 spell: Sticky Flame
  6929 | D:8      | Found an opulent altar of Gozag.
  6996 | D:8      | Found a glowing silver altar of Zin.
  7027 | D:8      | Found Pyahacu's Antique Weapon Emporium.
  7040 | D:8      | Reached skill level 7 in Fighting
  7070 | D:8      | Found a staircase to the Lair.
  7071 | D:8      | Noticed a komodo dragon
  7172 | D:8      | Reached ** piety under Vehumet
  7172 | D:8      | Offered knowledge of Searing Ray by Vehumet.
  7449 | D:8      | Reached XP level 10. HP: 82/82 MP: 19/19
  7484 | D:8      | Noticed a three-headed hydra
  7510 | D:7      | Killed a three-headed hydra
  7661 | D:8      | Found an opulent altar of Gozag.
  7794 | D:8      | Reached skill level 5 in Polearms
  8099 | D:8      | Reached skill level 8 in Fighting
  8117 | Lair:1   | Entered Level 1 of the Lair of Beasts
  8133 | Lair:1   | Noticed a six-headed hydra
  8478 | Lair:1   | Killed a six-headed hydra
  8665 | Lair:1   | Offered knowledge of Mephitic Cloud by Vehumet.
  9145 | Lair:2   | Noticed a spiny frog
  9151 | Lair:2   | Killed a spiny frog
  9151 | Lair:2   | Reached XP level 11. HP: 67/95 MP: 19/22
  9269 | Lair:2   | Reached skill level 9 in Fighting
  9455 | Lair:2   | Reached skill level 10 in Fire Magic
 10257 | Lair:3   | Found a stormy altar of Qazlal.
 10493 | Lair:3   | Found a staircase to the Snake Pit.
 10513 | Lair:3   | Noticed a six-headed hydra
 10550 | Lair:3   | Reached *** piety under Vehumet
 10621 | Lair:3   | Killed a six-headed hydra
 10731 | Lair:3   | Reached skill level 1 in Evocations
 11376 | Lair:3   | Noticed a seven-headed hydra
 11450 | Lair:3   | Killed a seven-headed hydra
 11539 | Lair:3   | Reached skill level 10 in Fighting
 11588 | Lair:3   | Offered knowledge of Olgreb's Toxic Radiance by Vehumet.
 11809 | Lair:3   | Noticed a seven-headed hydra
 11939 | Lair:3   | Reached skill level 5 in Conjurations
 12159 | Lair:3   | Killed a seven-headed hydra
 12159 | Lair:3   | Reached XP level 12. HP: 41/106 MP: 19/24
 12273 | Lair:3   | Found a staircase to the Swamp.
 12819 | Lair:3   | Upgraded the game from 0.19.0-9-gfd783f2 to 0.19.0-11-g3fc08b3
 13039 | Snake:1  | Entered Level 1 of the Snake Pit
 13044 | Snake:1  | Noticed an anaconda
 13416 | Lair:4   | Reached **** piety under Vehumet
 13427 | Lair:4   | Offered knowledge of Venom Bolt by Vehumet.
 13727 | Lair:4   | Noticed an eight-headed hydra
 13789 | Lair:4   | Reached skill level 5 in Evocations
 13795 | Lair:4   | Got a translucent spear
 13874 | Lair:4   | Killed an eight-headed hydra
 14518 | Lair:5   | Noticed an eight-headed hydra
 14785 | Lair:5   | Reached skill level 5 in Dodging
 15172 | Lair:5   | Killed an eight-headed hydra
 15372 | Lair:5   | Reached XP level 13. HP: 78/115 MP: 18/26
 15986 | Lair:6   | Entered Level 6 of the Lair of Beasts
 16001 | Lair:6   | Found a staircase to the Slime Pits.
 16012 | Lair:6   | Found a viscous altar of Jiyva.
 16152 | Lair:6   | Reached skill level 11 in Fighting
 16564 | Lair:6   | Identified the cursed +0 spear "Porhe" {elec, rN+ Dex+4} (You found it on level 4 of the Lair of Beasts)
 16591 | Lair:6   | Reached ***** piety under Vehumet
 16591 | Lair:6   | Offered knowledge of Force Lance by Vehumet.
 17644 | Lair:6   | Reached skill level 10 in Spellcasting
 17657 | Lair:6   | Noticed Josephine
 17669 | Lair:6   | Killed Josephine
 19873 | D:9      | Gained mutation: Your large and strong wings let you fly indefinitely. [Black Draconian growth]
 19873 | D:9      | Reached XP level 14. HP: 62/125 MP: 20/28
 20043 | D:9      | Offered knowledge of Bolt of Fire by Vehumet.
 20054 | D:9      | Reached skill level 10 in Polearms
 20149 | D:9      | Identified Lehudib's Compendium of Earthen Confrontation
 20248 | D:9      | Found a shadowy altar of Dithmenos.
 20514 | D:9      | Reached skill level 12 in Fighting
 20520 | D:9      | Learned a level 4 spell: Force Lance
 20819 | D:9      | Found Foabb's Armour Emporium.
 20932 | D:9      | Found a staircase to the Orcish Mines.
 21459 | Orc:1    | Entered Level 1 of the Orcish Mines
 21607 | Orc:1    | Found a frozen archway.
 21675 | IceCv    | Entered an ice cave
 22150 | Orc:2    | Entered Level 2 of the Orcish Mines
 22495 | Orc:2    | Paralysed by an orc sorcerer for 5 turns
 22653 | Orc:2    | Found a staircase to the Elven Halls.
 22809 | Orc:2    | Noticed Nessos
 22827 | Orc:2    | HP: 6/127 [Nessos/arrow (21)]
 22827 | Orc:2    | Shot with an arrow by Nessos

Skill      XL: |  1  2  3  4  5  6  7  8  9 10 11 12 13 14 |
---------------+-------------------------------------------+-----
Dodging        | 2 3 5 6 7 |  7.2
Stealth        | 2 3 4 |  4.3
Fighting       | 1 2 3 4 5 7 8 10 11 12 | 12.3
Conjurations   | 2 3 4 5 6 8 |  8.8
Fire Magic     | 4 5 6 7 8 9 10 | 10.2
Spellcasting   | 3 4 6 7 8 9 10 | 10.7
Polearms       | 4 6 7 8 9 10 | 10.4
Evocations     | 3 6 7 8 |  8.2

Action                   |  1- 3 |  4- 6 |  7- 9 | 10-12 | 13-15 || total
-------------------------+-------+-------+-------+-------+-------++-------
Melee: Unarmed           |     2 |       |       |       |       ||     2
       Dagger            |    62 |    53 |       |       |       ||   115
       Tailslap          |     3 |     6 |    12 |    21 |    43 ||    85
       Spear             |       |       |   171 |   232 |   418 ||   821
       Short sword       |       |       |    31 |       |    38 ||    69
 Cast: Flame Tongue      |    63 |   106 |   231 |   170 |   245 ||   815
       Inner Flame       |       |     3 |     9 |       |     1 ||    13
       Conjure Flame     |       |    11 |    16 |    41 |    59 ||   127
       Sticky Flame      |       |       |     9 |   159 |   171 ||   339
       Fireball          |       |       |       |     5 |    26 ||    31
       Force Lance       |       |       |       |       |     1 ||     1
 Abil: Breathe Lightning |       |       |     3 |       |       ||     3
Evoke: Wand              |       |       |       |     4 |     6 ||    10
  Use: Scroll            |       |     5 |     4 |     7 |     8 ||    24
       Potion            |       |       |       |     7 |     7 ||    14
 Stab: Sleeping          |       |     4 |     4 |       |     1 ||     9
  Eat: Bread ration      |     1 |     1 |     2 |       |     2 ||     6
       Meat ration       |       |     1 |     1 |     3 |     3 ||     8
       Fruit             |       |     2 |       |       |       ||     2
       Pizza             |       |       |     1 |     6 |     1 ||     8
       Chunk             |       |       |     1 |    18 |    11 ||    30
       Beef jerky        |       |       |       |     1 |       ||     1
Armor: Skin              |    37 |    46 |    58 |    66 |   108 ||   315
Dodge: Dodged            |    65 |   101 |   142 |   174 |   345 ||   827
